Match 44933662
Unlisted

Match 44933662
End
Panzergrenadier Squad
250 Light Carrier
Selects Armored Support Battlegroup
250 Light Carrier
Construct Light Support Kompanie
Combat Half-tracks
250 Light Carrier
Construct Mechanized Kompanie
Assault Mechanized Group
Support Armor Elements
Vehicle Survival Package
Marder III Tank Destroyer
Emergency Repair Kits
Marder III Tank Destroyer
254 Reconnaissance Tractor
Selects Veteran Gunners
StuG III D Assault Gun
Rapid Advance
Selects Salvage Kits
Selects Flammpanzer III Medium Tank
StuG III D Assault Gun
StuG III D Assault Gun
Tungsten Core Ammunition
Advanced Field Repairs
Marder III Tank Destroyer
StuG III D Assault Gun
Marder III Tank Destroyer
Panzerjäger Squad
Panzerjäger Squad
StuG III D Assault Gun
Selects Panzer Storm
Selects Stuka Anti-tank Loiter
Marder III Tank Destroyer
Panzerjäger Squad
Stuka Anti-tank Loiter
Veteran Squad Leaders
Marder III Tank Destroyer
Marder III Tank Destroyer
Marder III Tank Destroyer
StuG III D Assault Gun
StuG III D Assault Gun
Flammpanzer III Medium Tank
Marder III Tank Destroyer
Flammpanzer III Medium Tank
Stuka Anti-tank Loiter
Marder III Tank Destroyer
Selects Command Panzer IV F Medium Tank
TIE avenger
sss
茶靡
Ducksfly
杨司令
JT
孤冰月
子清
0
0

Comments sign in to comment!

No comments posted yet!